 Dungeon Crawl Stone Soup version 0.32-a0-779-g362cfcae2a (webtiles) character file.

Game seed: 10399216118512387866

416 kae the Slasher (level 6, -1/44 HPs)
             Began as a Coglin Gladiator on Mar 19, 2024.
             Slain by a gnoll
             ... wielding a +1 spear of freezing
              (4 damage)
             ... on level 4 of the Dungeon.
             The game lasted 00:03:01 (4602 turns).

kae the Slasher (Coglin Gladiator)                  Turns: 4602, Time: 00:03:01

Health: -1/44      AC:  4    Str: 15    XL:     6   Next: 92%
Magic:  6/6        EV: 11    Int:  7    God:
Gold:   154        SH:  0    Dex: 17    Spells: 5/5 levels left

rFire   . . .        a - +1 long sword {Chakide}
rCold   . . .        q - +0 short sword (elec) {Ishpreet}
rNeg    . . .        b - +0 leather armour
rPois   .            c - +0 helmet
rElec   .            (no cloak)
rCorr   .            (no gloves)
SInv    .            (no boots)
Will    .....        (amulet unavailable)
Stlth   +            (ring unavailable)
HPRegen 0.27/turn    (ring unavailable)
MPRegen 0.10/turn    (no gizmo)

%: no passive effects
@: revved
A: off-hand wielding, slow wielding, warmup strikes, no jewellery
a: Invent Gizmo


You were on level 4 of the Dungeon.
You visited 1 branch of the dungeon, and saw 5 of its levels.

You collected 154 gold pieces.


Innate Abilities, Weirdness & Mutations

You can wield a second weapon in your off-hand.
It takes a long time for you to wield or remove held weapons.
Your first few attacks do less damage.
You cannot equip rings or amulets.


   Skills:
 - Level 2.0 Fighting
 + Level 7.5 Long Blades
 - Level 1.7 Throwing
 - Level 2.6 Dodging


You had 5 spell levels left.
You didn't know any spells.
Your spell library contained the following spells:

 Spells                   Type           Power      Damage    Failure   Level
 Iskenderun's Battlesphe  Conj           0%         2d6       100%        5
 Bombard                  Conj/Erth      0%         9d1       100%        6
 Spellforged Servitor     Conj/Summ      0%         N/A       100%        7

Inventory:

Hand Weapons
 a - a +1 long sword (weapon) {Chakide}
 f - a +0 dagger {Wanphen}
 q - a +0 short sword of electrocution (offhand) {Ishpreet}
   (You took it off a kobold on level 3 of the Dungeon)
Missiles
 d - 3 throwing nets (quivered) {=f!f}
 e - a javelin
 h - 52 stones
 l - 4 atropa-tipped darts
 t - 3 boomerangs
Armour
 b - a +0 leather armour (worn)
 c - a +0 helmet (worn)
Jewellery
 G - an amulet of guardian spirit
   (You found it on level 1 of the Dungeon)
 T - an amulet of faith {!P}
   (You found it on level 3 of the Dungeon)
Wands
 r - a wand of flame (11)
   (You found it on level 4 of the Dungeon)
 u - a wand of polymorph (5)
   (You took it off a hobgoblin on level 4 of the Dungeon)
Scrolls
 j - a scroll of revelation
Potions
 g - a potion of resistance
 i - 2 potions of curing {unknown}
 k - a potion of brilliance
 p - a potion of attraction {!q}
 v - a potion of mutation {!q}

Dungeon Overview and Level Annotations

Branches:
Dungeon (5/15) Zot: 25382  Temple (0/1) D:5

Altars:
Gozag
Hepliaklqana
Makhleb
Sif Muna
Wu Jian

Shops:
D:2

( ............## ###..###.......#
.............## ##.....######.
..............## #....## ##
........####...## ##...## #
........## ##...## ####...#
.........## ##...###.####.## ###
#.........## ##...###.####.###.##
##...###...####oo..###.###..##.#.
#...# ###...###@g..###....#..##.
#..## ##...##.o..#######......
#..# ##..........# ###.### #..#
##.#.........######...## ##..#
##.##..........#..###.### #...#
#.###.............##...## ....##
###.#.............###.### .....##
###..............##...##
##...W####................###.###


You could see an orc wizard, a gnoll and 2 orcs.


Message History

😕 HP[-2]
You take 2 damage, and now have 36/44 hp.
You closely miss the phantom with your +0 short sword of electrocution.
You miss the phantom with your +1 long sword.
The phantom hits you but does no damage.
You hit the phantom with your +1 long sword.
You hit the phantom but do no damage. Lightning courses through the phantom!
You destroy the phantom! 😕 HP[+1] No target in view!
No target in view!
No target in view!
No target in view!
You start resting. 😎 HP[+7]
Your hp is fully restored (44).
There is a stone staircase leading down, spattered with blood here.
You climb downwards.
The orc wizard shouts!
The orc shouts!
The orc misses you. The gnoll closely misses you.
The orc hits you with a +0 club.
There is a stone staircase leading up, spattered with blood here. 😕 HP[-1]
You take 1 damage, and now have 43/44 hp.
The orc hits you with a +0 dagger. The gnoll misses you.
The orc hits you but does no damage.
The orc wizard hits you but does no damage.
You climb upwards.
There is a stone staircase leading down, spattered with blood here.
Unknown command. 😕 HP[-1]
You take 1 damage, and now have 42/44 hp.
You hit the orc wizard with your +0 short sword of electrocution.
You closely miss the orc wizard with your +1 long sword.
The orc hits you with a +0 club. The orc hits you with a +0 dagger.
The gnoll barely misses you.
The orc wizard hits you but does no damage.
You barely miss the orc wizard with your +1 long sword.
You completely miss the orc wizard with your +0 short sword of electrocution.
The orc hits you but does no damage. x2; The gnoll barely misses you.
The orc wizard gestures at you while chanting.
You resist with some effort. 😕 HP[-6]
You take 6 damage, and now have 36/44 hp.
You hit the orc wizard with your +1 long sword.
You hit the orc wizard but do no damage.
The orc barely misses you. The orc hits you but does no damage.
The gnoll hits you with a +1 spear of freezing.
The gnoll freezes you. The orc wizard closely misses you.
You are too injured to fight recklessly! 😮 HP[-6]
You take 6 damage, and now have 30/44 hp.
You are too injured to fight recklessly!
You are too injured to fight recklessly!
You are too injured to fight recklessly!
You are too injured to fight recklessly!
You are too injured to fight recklessly!
You are too injured to fight recklessly!
You closely miss the orc wizard with your +1 long sword.
You closely miss the orc wizard with your +0 short sword of electrocution.
The orc hits you but does no damage. The orc hits you with a +0 dagger.
The gnoll hits you with a +1 spear of freezing!
* * * LOW HITPOINT WARNING * * *
The gnoll freezes you.
* * * LOW HITPOINT WARNING * * *
The orc wizard closely misses you. 😨 HP[-10]
You take 10 damage, and now have 20/44 hp.
MASSIVE DAMAGE!! (PAUSE)
You hit the orc wizard with your +0 short sword of electrocution.
You hit the orc wizard with your +1 long sword.
The orc hits you with a +0 club.
* * * LOW HITPOINT WARNING * * *
The orc hits you with a +0 dagger.
* * * LOW HITPOINT WARNING * * *
The gnoll barely misses you.
The orc wizard hits you with a +0 dagger.
* * * LOW HITPOINT WARNING * * *
😨 HP[-5]
You take 5 damage, and now have 15/44 hp.
Unknown command.
You hit the orc wizard but do no damage.
You closely miss the orc wizard with your +1 long sword.
The orc hits you but does no damage. The orc hits you with a +0 dagger.
* * * LOW HITPOINT WARNING * * *
The gnoll hits you with a +1 spear of freezing.
* * * LOW HITPOINT WARNING * * *
The gnoll freezes you.
* * * LOW HITPOINT WARNING * * *
The orc wizard hits you but does no damage. 😱 HP[-11]
You take 11 damage, and now have 4/44 hp.
MASSIVE DAMAGE!! (PAUSE)
You barely miss the orc wizard with your +0 short sword of electrocution.
You hit the orc wizard with your +1 long sword.
The orc hits you with a +0 club.
* * * LOW HITPOINT WARNING * * *
The orc hits you but does no damage.
The gnoll hits you with a +1 spear of freezing.
You die...

Skill      XL: |  1  2  3  4  5  6 |
---------------+-------------------+-----
Long Blades    | 4 5 6 7 |  7.5
Fighting       | |  2.0
Throwing       | |  1.7
Dodging        | |  2.6

Action                     |  1- 3 |  4- 6 || total
---------------------------+-------+-------++-------
  Melee: Long sword        |    71 |   141 ||   212
         Dagger            |    64 |    65 ||   129
         Short sword       |       |    70 ||    70
    Use: Scroll            |     3 |     9 ||    12
   Stab: Sleeping          |     3 |     3 ||     6
 Armour: Leather armour    |    54 |   114 ||   168
  Dodge: Dodged            |    47 |    86 ||   133

Levels and vault maps discovered:
D:1:      minmay_arrival_cross, layout_loops_ring
D:2:      layout_loops_ring, serial_shops, shop_statue,
          hellmonk_ecumenical_altar_inner_sanctum, chequers_big_river
D:3:      layout_loops_corners, overflow_temple_1_default,
          chequers_temple_overflow_minitemple, amethyst_killhole
D:4:      layout_layer_cave, mainiacjoe_overflow_24_doors, minmay_misc_feat_iff,
          minmay_misc_feat_hallway
D:5:      layout_gridville, minmay_temple_entry_butterflies, minmay_liquid_box

Notes
Turn   | Place    | Note
-------+----------+-------------------------------------------
     0 | D:1      | kae the Coglin Gladiator began the quest for the Orb.
     0 | D:1      | Reached XP level 1. HP: 16/16 MP: 1/1
     0 | D:1      | magus.rc [v1.11.3]
   183 | D:1      | Reached XP level 2. HP: 21/22 MP: 2/2
   338 | D:1      | Reached skill level 4 in Long Blades
   432 | D:1      | Reached XP level 3. HP: 27/27 MP: 3/3
   478 | D:1      | You pick up a book of Power and begin reading...
   478 | D:1      | You add the spells Iskenderun's Battlesphere, Bombard and
                  | Spellforged Servitor to your library.
   916 | D:2      | Reached XP level 4. HP: 30/33 MP: 4/4
  1223 | D:2      | Reached skill level 5 in Long Blades
  1389 | D:2      | Found a faded altar of an unknown god.
  1496 | D:2      | Found Hyqonim's Weapon Emporium.
  2091 | D:3      | Reached XP level 5. HP: 21/38 MP: 5/5
  2290 | D:3      | Found a shimmering blue altar of Sif Muna.
  2313 | D:3      | Found a faded altar of an unknown god.
  2313 | D:3      | Found a burning altar of Makhleb.
  2322 | D:3      | Found an ornate altar of the Wu Jian Council.
  2324 | D:3      | Found a faded altar of an unknown god.
  2326 | D:3      | Found an opulent altar of Gozag.
  3181 | D:4      | Reached skill level 6 in Long Blades
  3528 | D:4      | Found a hazy altar of Hepliaklqana.
  3875 | D:4      | Reached XP level 6. HP: 44/44 MP: 6/6
  4310 | D:5      | Entered Level 5 of the Dungeon
  4325 | D:5      | Reached skill level 7 in Long Blades
  4357 | D:5      | Found a staircase to the Ecumenical Temple.
  4601 | D:4      | HP: 7/44 [gnoll/+1 spear of freezing (6)]
  4602 | D:4      | HP: 3/44 [orc/+0 club (1)]
  4602 | D:4      | Slain by a gnoll

Vanquished Creatures
  A phantom (D:4)
  A scorpion (D:5)
  A bombardier beetle (D:3)
  An iguana (D:4)
  A sleepcap (D:5)
  5 adders
  2 gnolls
  7 dart slugs
  2 ribbon worms
  13 orcs
  11 ball pythons
  10 endoplasms
  A giant cockroach (D:2)
  7 goblins
  11 hobgoblins
  2 jackals (D:1)
  15 kobolds
  3 quokkas
  6 bats (D:1)
  4 frilled lizards
  5 rats
109 creatures vanquished.

Table legend:
 A = Non-vault XP
 B = Vault XP
 C = Vault XP percentage of total XP
 D = Non-vault monster count
 E = Vault monster count
 F = Vault count percentage of total count
                 A         B        C        D         E       F
            +---------+---------+-------+---------+---------+-------
      Total |     595 |       0 |   0.0 |     109 |       0 |   0.0
            +---------+---------+-------+---------+---------+-------
        D:1 |      55 |       0 |   0.0 |      33 |       0 |   0.0
        D:2 |      61 |       0 |   0.0 |      20 |       0 |   0.0
        D:3 |      95 |       0 |   0.0 |      21 |       0 |   0.0
        D:4 |     248 |       0 |   0.0 |      31 |       0 |   0.0
        D:5 |     136 |       0 |   0.0 |       4 |       0 |   0.0
            +---------+---------+-------+---------+---------+-------

Skill      XL: |  1  2  3  4  5  6 |
---------------+-------------------+-----
Long Blades    | 4 5 6 7 |  7.5
Fighting       | |  2.0
Throwing       | |  1.7
Dodging        | |  2.6

Action                     |  1- 3 |  4- 6 || total
---------------------------+-------+-------++-------
  Melee: Long sword        |    71 |   141 ||   212
         Dagger            |    64 |    65 ||   129
         Short sword       |       |    70 ||    70
    Use: Scroll            |     3 |     9 ||    12
   Stab: Sleeping          |     3 |     3 ||     6
 Armour: Leather armour    |    54 |   114 ||   168
  Dodge: Dodged            |    47 |    86 ||   133

Illustrated notes

Table legend:
 A = Kills in this place as a percentage of kills in the entire game.
 B = Kills by you in this place as a percentage of kills by you in the entire game.
 C = Kills by friends in this place as a percentage of kills by friends in the entire game.
 D = Other kills in this place as a percentage of other kills in the entire game.
 E = Experience gained in this place as a percentage of experience gained in the entire game.
 F = Experience gained in this place divided by the number of levels of this place that you have seen.
                   A       B       C       D       E      F
               +-------+-------+-------+-------+-------+----------------------
         Total | 100.0 | 100.0 |   N/A |   N/A | 100.0 | 119.0
       Dungeon | 100.0 | 100.0 |   N/A |   N/A | 100.0 | 119.0
               +-------+-------+-------+-------+-------+----------------------

Table legend: (Time is in decaauts)
 A = Elapsed time spent in this place.
 B = Non-inter-level travel time spent in this place.
 C = Inter-level travel time spent in this place.
 D = Time resting spent in this place.
 E = Time spent auto-exploring this place.
 F = Levels seen in this place.
 G = Mean time per level.
                   A        B        C        D        E       F      G
               +--------+--------+--------+--------+--------+-----+--------+
         Total |   4616 |   4333 |    283 |    211 |   3507 |   5 |  923.2 |
       Dungeon |   4616 |   4333 |    283 |    211 |   3507 |   5 |  923.2 |
               +--------+--------+--------+--------+--------+-----+--------+

Top non-repeatable levels by time:
     D:4: 1475 daAuts
     D:3: 1224 daAuts
     D:2: 1072 daAuts
     D:1: 773 daAuts
     D:5: 70 daAuts
